 Dungeon Crawl Stone Soup version 0.29-a0-284-gf9362112df (webtiles) character file.

Game seed: 11434217829146401924

81 spaghetti the Ducker (level 4, -1/31 HPs)
             Began as an Octopode Fighter on Mar 14, 2022.
             Slain by a gnoll
             ... wielding a +0 spear
              (8 damage)
             ... on level 3 of the Dungeon.
             The game lasted 00:02:34 (1770 turns).

spaghetti the Ducker (Octopode Fighter)             Turns: 1770, Time: 00:02:35

Health: -1/31      AC:  1    Str: 14 (15) XL:     4   Next: 40%
Magic:  4/4        EV: 14    Int:  8 (10) God:
Gold:   161        SH:  4    Dex: 11 (13) Spells: 3/3 levels left

rFire   . . .      SeeInvis .   c - +1 whip (elec) {mace}
rCold   . . .      Faith    .   b - +0 buckler
rNeg    . . .      Spirit   .   (helmet restricted)
rPois   .          Reflect  .   (no amulet)
rElec   .          Harm     .   (no ring)
rCorr   .          Rampage  .   (no ring)
Will    .....                   (no ring)
Stlth   ++........              (no ring)
HPRegen 0.10/turn               (no ring)
MPRegen 0.09/turn               (no ring)
                                (no ring)
                                (no ring)

@: mighty, attractive
A: almost no armour, amphibious, 8 rings, camouflage 1, gelatinous body 1,
(nimble swimmer 1), tentacles
a: no special abilities


You were on level 3 of the Dungeon.
You visited 1 branch of the dungeon, and saw 3 of its levels.

You collected 161 gold pieces.


Innate Abilities, Weirdness & Mutations

You cannot wear most types of armour.
You are amphibious.
You can wear up to eight rings at the same time.
Your skin changes colour to match your surroundings (Stealth+).
Your rubbery body absorbs attacks. (AC +1, EV +1)
((You are camouflaged when in or above water. (Stealth+)))
You have tentacles for arms and can constrict up to eight enemies at once.


   Skills:
 - Level 3.0 Fighting
 - Level 2.0 Long Blades
 + Level 5.1 Dodging
 - Level 3.0 Shields


You had 3 spell levels left.
You didn't know any spells.
Your spell library contained the following spells:

 Spells                   Type           Power      Damage    Failure   Level
 Corpse Rot               Necr/Air       0%         N/A       65%         2
 Poisonous Vapours        Pois/Air       0%         N/A       65%         2

Inventory:

Hand Weapons
 a - a +0 long sword {long}
 c - a +1 whip of electrocution (weapon) {mace}
   (You found it on level 1 of the Dungeon)
Missiles
 e - 9 poisoned darts (quivered) {throwing}
 h - 5 atropa-tipped darts {throwing}
 k - 75 stones {throwing}
 o - 6 javelins {throwing}
Armour
 b - a +0 buckler (worn)
Scrolls
 d - 2 scrolls of vulnerability {!r!r}
 g - a scroll of enchant weapon
 n - a scroll of fog
Potions
 f - 2 potions of brilliance

Dungeon Overview and Level Annotations

Branches:
Dungeon (3/15)

Altars:

#... ..# # #.#
.#.#.##.#########.##.
.............<.......
##.##.#.#########.###
# #.########
#.........
#[@gยง....?
#.gg...... #.........
##........ #........
#........ #........
#........


You could see 3 gnolls.


Message History

The quokka barely misses you.
You barely miss the quokka. Your grab misses the quokka. The quokka bites you.
The quokka closely misses you. ๐Ÿ˜• HP[-3]
You take 3 damage, and now have 28/31 hp.
You hit the quokka but do no damage. Your grab misses the quokka.
The quokka bites you. ๐Ÿ˜• HP[-4]
You take 4 damage, and now have 24/31 hp.
You hit the quokka. Your grab misses the quokka. The quokka barely misses you.
You closely miss the quokka. You grab the quokka.
You constrict the quokka, but do no damage.
The quokka bites you.
The quokka barely misses you. ๐Ÿ˜ฎ HP[-3]
You take 3 damage, and now have 21/31 hp.
You hit the quokka but do no damage. You constrict the quokka.
The quokka misses you. ๐Ÿ˜ฎ HP[+1]
You hit the quokka.
You kill the quokka!
Your Dodging skill increases to level 5!
You start resting. ๐Ÿ˜Ž HP[+9]
Your hp is fully restored (31).
You see here a +0 leather armour.
You now have 161 gold pieces (gained 8).
You open the door.
There is an open door here.
You pick up a book of Vapours and begin reading...
You add the spells Poisonous Vapours and Corpse Rot to your library.
There is an open door here.
You see here a +0 flail {mace}.
Key pressed, stopping explore.
There is a stone staircase leading up here.
Found a stone staircase leading down.
There is a stone staircase leading up here.
There is an open door here.
There is an open door here.
There is an open door here.
Done exploring.
(D) Dungeon
Where to? (Enter - D:2, ? - help)
There is a stone staircase leading down here.
You climb downwards.
There is a stone staircase leading up here.
Unknown command.
e - 9 poisoned darts {throwing} (gained 5)
A gnoll comes into view. It is wielding a +0 spear.
A gnoll is nearby!
A gnoll is nearby!
A gnoll comes into view.
It is wielding a +0 spear. 2 gnolls come into view.
The gnoll shouts!
It was a potion of attraction.
You feel attractive to monsters.
The gnoll shouts! x2
The gnoll is attracted toward you. x4
It was a potion of degeneration.
There was something very wrong with that liquid.
You feel weakened.
You feel dopey.
You feel clumsy.
The gnoll hits you from afar with a +0 spear.
The gnoll is attracted toward you. ๐Ÿ˜• HP[-6]
You take 6 damage, and now have 25/31 hp.
You feel very mighty all of a sudden. The gnoll closely misses you.
The gnoll hits you with a +0 spear! The gnoll barely misses you.
The gnoll hits you with a +0 spear.
* * * LOW HITPOINT WARNING * * *
๐Ÿ˜จ HP[-13]
You take 13 damage, and now have 12/31 hp.
MASSIVE DAMAGE!! (PAUSE)
Okay, then.
You feel much better. The gnoll barely misses you. The gnoll misses you.
The gnoll hits you with a +0 flail!
You block the gnoll's attack. ๐Ÿ˜ฎ HP[+8]
You regained 8 hp, and now have 20/31 hp.
You closely miss the gnoll. You grab the gnoll. You squeeze the gnoll.
You constrict the gnoll, but do no damage.
You block the gnoll's attack. x2
The gnoll struggles to escape constriction.
The gnoll hits you with a +0 spear!
* * * LOW HITPOINT WARNING * * *
๐Ÿ˜จ HP[-10]
You take 10 damage, and now have 10/31 hp.
MASSIVE DAMAGE!! (PAUSE)
You whack the gnoll!
You kill the gnoll!
The gnoll closely misses you.
The gnoll hits you from afar with a +0 halberd!
* * * LOW HITPOINT WARNING * * *
You block the gnoll's attack.
The gnoll is attracted toward you. ๐Ÿ˜ฑ HP[-9]
You take 9 damage, and now have 1/31 hp.
MASSIVE DAMAGE!! (PAUSE)
Okay, then.
It was a potion of curing.
You feel better. The gnoll hits you with a +0 halberd.
* * * LOW HITPOINT WARNING * * *
You block the gnoll's attack. The gnoll hits you with a +0 spear!
You die...

Skill      XL: |  1  2  3  4 |
---------------+-------------+-----
Dodging        | 4 5 |  5.1
Fighting       | |  3.0
Long Blades    | |  2.0
Shields        | |  3.0

Action                   |  1- 3 |  4- 6 || total
-------------------------+-------+-------++-------
Melee: Long sword        |    18 |       ||    18
       Constrict         |    19 |     2 ||    21
       Tentacles         |     7 |     1 ||     8
       Whip              |    45 |    15 ||    60
Throw: Dart              |     2 |       ||     2
  Use: Scroll            |     6 |       ||     6
       Potion            |     1 |     5 ||     6
 Stab: Sleeping          |     7 |       ||     7
Armor: Skin              |     7 |       ||     7
Dodge: Dodged            |    41 |    14 ||    55
Block: Buckler           |    14 |     5 ||    19

Levels and vault maps discovered:
D:1:      ncdulo_watergridlock, layout_rooms, ebering_ecumenical_altar_petrified
D:2:      minmay_roachtagon, layout_basic, solitary_fountain
D:3:      minmay_angry_zag, layout_basic, nicolae_figureground_pulse,
          uniq_sigmund

Notes
Turn   | Place    | Note
-------+----------+-------------------------------------------
     0 | D:1      | spaghetti the Octopode Fighter began the quest for the Orb.
     0 | D:1      | Reached XP level 1. HP: 16/16 MP: 1/1
     0 | D:1      | magus.rc [v1.9.6]
    96 | D:1      | Reached XP level 2. HP: 16/21 MP: 2/2
   455 | D:1      | Reached skill level 4 in Dodging
   474 | D:1      | Found a faded altar of an unknown god.
   479 | D:1      | Reached XP level 3. HP: 19/26 MP: 3/3
  1235 | D:2      | Reached XP level 4. HP: 31/31 MP: 4/4
  1466 | D:2      | Reached skill level 5 in Dodging
  1588 | D:2      | You pick up a book of Vapours and begin reading...
  1588 | D:2      | You add the spells Poisonous Vapours and Corpse Rot to your
                  | library.
  1769 | D:3      | HP: 1/31 [gnoll/+0 halberd (9)]
  1770 | D:3      | Slain by a gnoll

Vanquished Creatures
  A gnoll (D:3)
  An adder (D:2)
  A worm (D:2)
  2 dart slugs (D:1)
  5 endoplasms
  9 giant cockroaches
  5 goblins (D:1)
  7 hobgoblins
  5 jackals (D:2)
  A kobold (D:1)
  3 quokkas
  2 bats (D:1)
  2 frilled lizards (D:1)
  4 rats (D:1)
48 creatures vanquished.

Table legend:
 A = Non-vault XP
 B = Vault XP
 C = Vault XP percentage of total XP
 D = Non-vault monster count
 E = Vault monster count
 F = Vault count percentage of total count
                 A         B        C        D         E       F
            +---------+---------+-------+---------+---------+-------
      Total |     100 |      16 |  13.8 |      40 |       8 |  16.7
            +---------+---------+-------+---------+---------+-------
        D:1 |      52 |       0 |   0.0 |      29 |       0 |   0.0
        D:2 |      34 |      16 |  32.0 |      10 |       8 |  44.4
        D:3 |      14 |       0 |   0.0 |       1 |       0 |   0.0
            +---------+---------+-------+---------+---------+-------

Illustrated notes

Table legend:
 A = Kills in this place as a percentage of kills in entire the game.
 B = Kills by you in this place as a percentage of kills by you in the entire game.
 C = Kills by friends in this place as a percentage of kills by friends in the entire game.
 D = Other kills in this place as a percentage of other kills in the entire game.
 E = Experience gained in this place as a percentage of experience gained in the entire game.
 F = Experience gained in this place divided by the number of levels of this place that you have seen.
                   A       B       C       D       E      F
               +-------+-------+-------+-------+-------+----------------------
         Total | 100.0 | 100.0 |   N/A |   N/A | 100.0 |  38.7
       Dungeon | 100.0 | 100.0 |   N/A |   N/A | 100.0 |  38.7
               +-------+-------+-------+-------+-------+----------------------

Table legend: (Time is in decaauts)
 A = Elapsed time spent in this place.
 B = Non-inter-level travel time spent in this place.
 C = Inter-level travel time spent in this place.
 D = Time resting spent in this place.
 E = Time spent auto-exploring this place.
 F = Levels seen in this place.
 G = Mean time per level.
                   A        B        C        D        E       F      G
               +--------+--------+--------+--------+--------+-----+--------+
         Total |   1783 |   1769 |     14 |    276 |   1232 |   3 |  594.3 |
       Dungeon |   1783 |   1769 |     14 |    276 |   1232 |   3 |  594.3 |
               +--------+--------+--------+--------+--------+-----+--------+

Top non-repeatable levels by time:
     D:1: 944 daAuts
     D:2: 820 daAuts
     D:3: 18 daAuts
